 Dungeon Crawl Stone Soup version 0.21.1-1-g345015f (webtiles) character file.

56 suicidejoker the Bolt Thrower (level 3, 0/21 HPs)
             Began as an Octopode Hunter on Mar 18, 2018.
             Succumbed to a worker ant's poison
             ... on level 3 of the Dungeon.
             The game lasted 00:01:55 (1512 turns).

suicidejoker the Bolt Thrower (Octopode Hunter)     Turns: 1512, Time: 00:01:56

Health: 0/21       AC:  1    Str: 12    XL:     3   Next: 95%
Magic:  3/3        EV: 13    Int: 18    God:
Gold:   102        SH:  0    Dex: 12    Spells: 2/2 levels left

rFire    . . .     SeeInvis .   b - +0 short sword
rCold    . . .     Gourm    .   (no shield)
rNeg     . . .     Faith    .   (helmet restricted)
rPois    +         Spirit   .   (no amulet)
rElec    .         Reflect  .   (no ring)
rCorr    .         Harm     .   (no ring)
MR       .....                  (no ring)
Stlth    +++.......             (no ring)
HPRegen  0.07/turn              (no ring)
MPRegen  0.08/turn              (no ring)
                                (no ring)
                                (no ring)

@: brilliant, lethally poisoned (0 -> -14), flying
A: almost no armour, stealthy swim, amphibious, 8 rings, constrict 8, camouflage
1, blink, frail 1, poison resistance, gelatinous body 1
a: Blink


You were on level 3 of the Dungeon.
You were hungry.

You visited 1 branch of the dungeon, and saw 3 of its levels.

You collected 102 gold pieces.

Inventory:

Hand Weapons
 a - a +1 hand crossbow
 b - a +0 short sword (weapon)
Missiles
 f - 53 stones (quivered)
 h - 15 arrows
 m - 24 sling bullets
Scrolls
 e - 2 scrolls of remove curse
 g - 5 scrolls of identify {unknown}
 k - a scroll of fog {unknown}
Potions
 j - a potion of flight
 l - a potion of brilliance
Comestibles
 d - 4 rations


   Skills:
 + Level 2.3 Fighting
 + Level 0.8 Short Blades
 * Level 4.4 Crossbows
 + Level 2.3 Dodging
 * Level 2.8 Stealth
 + Level 0.8 Unarmed Combat


You had 2 spell levels left.
You didn't know any spells.

Dungeon Overview and Level Annotations

Branches:
Dungeon (3/15)

Altars:


Innate Abilities, Weirdness & Mutations

You cannot wear most types of armour.
You are very stealthy in the water. (Stealth+)
You are amphibious.
You can wear up to eight rings at the same time.
You can use your tentacles to constrict eight enemies at once.
Your skin changes colour to match your surroundings (Stealth+).
Your rubbery body absorbs attacks. (AC +1, EV +1)
You can translocate small distances at will.
You are frail. (-10% HP)
Your system is resistant to poisons. (rPois)


Message History

It was a potion of mutation.
You feel extremely strange.
You feel frail.
You feel jittery.
You feel resistant to poisons.
You constrict the worker ant.
* * * LOW HITPOINT WARNING * * *
You feel sick. The worker ant closely misses you.
It was a potion of flight.
You feel very buoyant.
You fly up into the air.
You constrict the worker ant.
* * * LOW HITPOINT WARNING * * *
You feel sick. The worker ant barely misses you.
It was a potion of brilliance.
You feel clever all of a sudden.
You constrict the worker ant, but do no damage.
* * * LOW HITPOINT WARNING * * *
You feel sick. The worker ant bites you.
* * * LOW HITPOINT WARNING * * *
As you read the scroll labeled ETIENUYLIH, it crumbles to dust.
You feel blessed for a moment.
It was a scroll of remove curse.
You constrict the worker ant.
You die...

##### ..
########...# >...
#.?...##...###....
##.................
##......##.....#...
..(.....##......[..
........<#..a.##..
##..(...#..@##
.............#####
###...........(..#
#......###.(##(((?.
#............# #(.
#..#########...#
..# ##...# ## ##...
#..


You could see a worker ant.

Vanquished Creatures
  An adder (D:2)
  A worm (D:3)
  3 dart slugs
  A leopard gecko (D:3)
  5 bats
  2 giant cockroaches
  4 goblins
  2 hobgoblins (D:2)
  5 jackals
  4 frilled lizards
  3 kobolds
  4 rats (D:2)
35 creatures vanquished.

Notes
Turn   | Place    | Note
-------+----------+-------------------------------------------
     0 | D:1      | suicidejoker the Octopode Hunter began the quest for the Orb.
     0 | D:1      | Reached XP level 1. HP: 14/14 MP: 1/1
   116 | D:1      | Reached XP level 2. HP: 19/19 MP: 2/2
   741 | D:2      | Reached XP level 3. HP: 16/24 MP: 3/3
  1509 | D:3      | Gained mutation: You are frail. (-10% HP) [potion of mutation]
  1509 | D:3      | Gained mutation: You can translocate small distances at will. [potion of mutation]
  1509 | D:3      | Gained mutation: Your system is resistant to poisons. (rPois) [potion of mutation]
  1511 | D:3      | HP: 1/21 [worker ant (3)]
  1512 | D:3      | Succumbed to a worker ant's poison

Skill      XL: |  1  2 |
---------------+-------+-----
Stealth        | 2 |  2.8
Fighting       | |  2.3
Short Blades   | |  0.8
Crossbows      | |  4.4
Dodging        | |  2.3
Unarmed Combat | |  0.8

Action                   || total
-------------------------++-------
Melee: Short sword       ||     7
       Constrict         ||     3
       Tentacles         ||     1
 Fire: Hand crossbow     ||    72
  Use: Potion            ||     3
       Scroll            ||     1
  Eat: Chunk             ||     1
Armor: Skin              ||     2
Dodge: Dodged            ||    43
